 Dungeon Crawl Stone Soup version 0.25.1-9-gc5326a611f (webtiles) character file.

Game seed: 163911025284169102

63 theanonym the Shooter (level 3, 0/30 HPs)
             Began as a Centaur Hunter on Sept 2, 2021.
             Slain by an adder (1 damage)
             ... on level 2 of the Dungeon.
             The game lasted 00:01:42 (2203 turns).

theanonym the Shooter (Centaur Hunter)              Turns: 2203, Time: 00:01:42

Health: 0/30       AC:  9    Str: 15    XL:     3   Next: 87%
Magic:  3/3        EV:  2    Int: 10    God:
Gold:   74         SH:  0    Dex:  9    Spells: 2/2 levels left

rFire    . . .     SeeInvis .   b - +0 short sword
rCold    . . .     Gourm    .   (no shield)
rNeg     . . .     Faith    .   j - +0 plate armour
rPois    .         Spirit   .   (no helmet)
rElec    .         Reflect  .   h - +0 cloak
rCorr    .         Harm     .   (no gloves)
MR       .....                  (no barding)
Stlth    ..........             (no amulet)
HPRegen  0.10/turn              (no ring)
MPRegen  0.08/turn              (no ring)

@: mighty, lethally poisoned (0 -> -5), very quick
A: large, hooves 3, deformed body, speed 2, tough skin 3
a: no special abilities


Innate Abilities, Weirdness & Mutations

You have hooves in place of feet.
Armour fits poorly on your strangely shaped body.
You cover ground very quickly.
You have extremely tough skin. (AC +3)


   Skills:
 + Level 2.9 Fighting
 * Level 6.7 Bows
 - Level 1.3 Dodging
 - Level 0.4 Stealth


You had 2 spell levels left.
You didn't know any spells.
Your spell library was empty.

Skill      XL: |  1  2 |
---------------+-------+-----
Bows           | 6 |  6.7
Fighting       | |  2.9
Dodging        | |  1.3
Stealth        | |  0.4

Action                   || total
-------------------------++-------
Melee: Short sword       ||   152
       Kick              ||    24
 Fire: Shortbow          ||     7
  Use: Potion            ||     2
  Eat: Chunk             ||     3
Armor: Leather armour    ||    10
       Plate armour      ||   120
Dodge: Dodged            ||    28

Inventory:

Hand Weapons
 a - a +1 shortbow
 b - a +0 short sword (weapon)
Missiles
 d - 60 arrows
Armour
 h - a +0 cloak (worn)
 j - a +0 plate armour (worn)
Scrolls
 f - a scroll of identify {unknown}
 i - a scroll of random uselessness {unknown}
 m - a scroll of enchant weapon {unknown}
 n - a scroll of blinking {unknown}
Potions
 k - a potion of brilliance {unknown}
Comestibles
 e - 6 rations
 l - a chunk of flesh


You were on level 2 of the Dungeon.
You were not hungry.

You visited 1 branch of the dungeon, and saw 2 of its levels.

You collected 74 gold pieces.

Dungeon Overview and Level Annotations

Branches:
Dungeon (2/15)

Altars:

#.#####.#.#.#.#.####.##.#
#...........#.#... #.##.#
#######.#.###.#.# #.##.#
.....#.#.....##.# #.#
.............(...# #.#
#######.###.####.#
#.######## #.# #)#
#.........
#.###.######.###########
#......@S...(#
#####.######## ###


You could see an adder.

Notes
Turn   | Place    | Note
-------+----------+-------------------------------------------
     0 | D:1      | theanonym the Centaur Hunter began the quest for the Orb.
     0 | D:1      | Reached XP level 1. HP: 17/17 MP: 1/1
   402 | D:1      | Reached XP level 2. HP: 23/24 MP: 2/2
   749 | D:1      | Reached skill level 6 in Bows
  1180 | D:2      | Reached XP level 3. HP: 30/30 MP: 3/3
  1983 | D:2      | Found a faded altar of an unknown god.
  2191 | D:2      | HP: 15/30 [poisoned by an adder]
  2196 | D:2      | HP: 8/30 [adder (2)]
  2198 | D:2      | HP: 3/30 [adder (3)]
  2203 | D:2      | HP: 1/30 [poisoned by an adder]
  2203 | D:2      | Slain by an adder

Vanquished Creatures
  2 adders (D:2)
  An ooze (D:2)
  A dart slug (D:2)
  4 leopard geckos
  A ball python (D:2)
  6 bats
  A giant cockroach (D:2)
  6 goblins
  2 hobgoblins
  A quokka (D:2)
  A frilled lizard (D:2)
  4 kobolds (D:1)
  2 rats
32 creatures vanquished.

Table legend:
 A = Turns spent in this place as a percentage of turns spent in the entire game.
 B = Non-inter-level travel turns spent in this place as a percentage of non-inter-level travel turns spent in the entire game.
 C = Inter-level travel turns spent in this place as a percentage of turns spent in this place.
 D = Turns resting spent in this place as a percentage of non-inter-level travel turns spent in this place.
 E = Turns spent auto-exploring this place as a percentage of non-inter-level travel turns spent in this place.
 F = Non-inter-level travel turns spent in this place divided by the number of levels of this place that you've seen.
                   A       B       C       D       E      F
               +-------+-------+-------+-------+-------+----------------------
         Total | 100.0 | 100.0 |   0.2 |  18.7 |  69.2 | 1099.0
       Dungeon | 100.0 | 100.0 |   0.2 |  18.7 |  69.2 | 1099.0
               +-------+-------+-------+-------+-------+----------------------
